 Dungeon Crawl Stone Soup version 0.20-a0-2-g2b0e13a (webtiles) character file.

58 Naow the Skirmisher (level 4, -5/73 HPs)
             Began as an Ogre Hunter on Oct 28, 2016.
             Slain by Crazy Yiuf
             ... wielding a +2 quarterstaff of chaos
              (13 damage)
             ... on level 2 of the Dungeon.
             The game lasted 00:03:31 (1900 turns).

Naow the Skirmisher (Ogre Hunter)                   Turns: 1900, Time: 00:03:32

Health: -5/73      AC: 22    Str: 18    XL:     4   Next: 1%
Magic:  0/4        EV:  1    Int: 10    God:
Gold:   144        SH:  0    Dex: 10    Spells: 0 memorised, 3 levels left

rFire  . . .     SeeInvis .     u - -1 mace (curse)
rCold  . . .     Gourm    .     (armour currently unavailable)
rNeg   + + +     Faith    .     (no shield)
rPois  +         Spirit   .     (helmet currently unavailable)
rElec  .         Reflect  .     (cloak currently unavailable)
rCorr  .         Harm     .     (gloves unavailable)
MR     .....     NoTele   +     (boots unavailable)
Stlth  +.........               (no amulet)
                                (no ring)
                                (no ring)

@: tree-form, slowed, very slow
A: unfitting armour, (tough skin 0)
a: no special abilities


You were on level 2 of the Dungeon.
You were hungry.
You were a tree.
You visited 1 branch of the dungeon, and saw 2 of its levels.

You collected 144 gold pieces.

Inventory:

Hand Weapons
 a - a +0 short sword
 k - a +0 club
 u - a cursed -1 mace (weapon)
Missiles
 c - 5 large rocks (quivered)
 d - 2 throwing nets
Armour
 b - a +0 robe (melded)
Jewellery
 t - an uncursed ring of poison resistance {unknown}
Scrolls
 e - 2 scrolls of identify {unknown}
 i - 3 scrolls of teleportation {unknown}
 j - a scroll of magic mapping {unknown}
 m - a scroll of recharging {unknown}
 n - 3 scrolls of remove curse {unknown}
 p - a scroll of fear {unknown}
 r - a scroll of blinking {unknown}
Potions
 o - a potion of berserk rage {unknown}
 s - a potion of lignification
Comestibles
 f - 2 bread rations
 l - 2 meat rations


   Skills:
 + Level 4.8 Fighting
 + Level 2.3 Maces & Flails
 - Level 4.0 Throwing
 - Level 1.7 Dodging
 - Level 0.6 Stealth


You had 3 spell levels left.
You didn't know any spells.

Dungeon Overview and Level Annotations

Branches:
Dungeon (2/15)

Altars:
Dithmenos
Zin

Annotations:
D:2 Crazy Yiuf


Innate Abilities, Weirdness & Mutations

You are too large for most types of armour.
((You have tough skin. (AC +1)))


Message History

Crazy Yiuf hits you with a quarterstaff of chaos.
* * * LOW HITPOINT WARNING * * *
You feel your power leaking away.
Crazy Yiuf laughs, "Goldfish light sanguine!"
Crazy Yiuf hits you but does no damage.
All of the chunks of flesh in your inventory have rotted away.
You nearly hit yourself!
Crazy Yiuf says, "East!
Race mobile foot."
Crazy Yiuf hits you but does no damage.
You swing at nothing.
You are feeling hungry.
Crazy Yiuf hits you but does no damage. x2
It was a potion of cure mutation.
It has a very clean taste.
You feel less confused. Crazy Yiuf hits you but does no damage.
Okay, then.
You barely miss Crazy Yiuf.
Crazy Yiuf is almost dead.
Crazy Yiuf hits you but does no damage. x2; You are electrocuted!
You die...

#....# #....### .##
#....# #....####.##
#)..## #....)..#.#. ##)##
#........... #)##
#.........). ##)#
#.>......... #)##
#....(..##.# ##.#
#.......# # #♣#
#.......##.# #### #)g)#
#..........# #..# #)))#
#....##..... #..# #).)#
#....##..... ##.# #####
#......#.... #.#
###....###..
#.#############.........
#...#.##.#..............
##...#.##.#....#.........


You could see Crazy Yiuf.

Vanquished Creatures
  A dart slug (D:1)
  5 leopard geckos
  8 bats
  5 goblins (D:1)
  3 hobgoblins
  10 jackals
  A frilled lizard (D:1)
  4 kobolds (D:1)
  8 rats
45 creatures vanquished.

Notes
Turn   | Place    | Note
-------+----------+-------------------------------------------
     0 | D:1      | Naow the Ogre Hunter began the quest for the Orb.
     0 | D:1      | Reached XP level 1. HP: 22/22 MP: 1/1
    98 | D:1      | Reached XP level 2. HP: 18/31 MP: 2/2
   472 | D:1      | Reached skill level 1 in Maces & Flails
   616 | D:1      | Reached XP level 3. HP: 12/39 MP: 3/3
  1325 | D:2      | Found a shadowy altar of Dithmenos.
  1669 | D:2      | Found a faded altar of an unknown god.
  1744 | D:2      | Noticed an angel
  1745 | D:2      | Found a glowing silver altar of Zin.
  1771 | D:2      | Reached XP level 4. HP: 38/49 MP: 4/4
  1877 | D:2      | Found a runed door.
  1883 | D:2      | Noticed Crazy Yiuf
  1900 | D:2      | Slain by Crazy Yiuf

Vault maps used:
D:1:      ncdulo_halloftheorcs, wad_floor_pattern_untrapped,
          serial_park_tiny_pond
D:2:      zin_angel, overflow_temple_1_default, ecumenical_altar_1,
          minmay_tall_x, uniq_crazy_yiuf_cottage

Skill      XL: |  1  2  3 |
---------------+----------+-----
Fighting       | 3 4 |  4.8
Maces & Flails | 1 2 |  2.3
Throwing       | |  4.0
Dodging        | |  1.7
Stealth        | |  0.6

Action                   |  1- 3 |  4- 6 || total
-------------------------+-------+-------++-------
Melee: Short sword       |    22 |       ||    22
       Club              |   162 |       ||   162
       Mace              |       |     9 ||     9
  Use: Potion            |       |     5 ||     5
 Stab: Sleeping          |     2 |       ||     2
  Eat: Chunk             |     3 |       ||     3
Armor: Robe              |    88 |       ||    88
       Skin              |       |    13 ||    13
Dodge: Dodged            |   147 |     1 ||   148
